 Dungeon Crawl Stone Soup version 0.31-a0-239-g0a1456f148 (webtiles) character file.

Game seed: 6014005112913481694

710 qw the Shooter (level 7, -1/43 HPs)
             Began as a Gargoyle Hexslinger on July 11, 2023.
             Was an Initiate of Okawaru.
             Blown up by Ijyb (3 damage)
             ... with a mindburst bolt
             ... on level 4 of the Dungeon.
             The game lasted 00:01:38 (3035 turns).

qw the Shooter (Gargoyle Hexslinger)                Turns: 3035, Time: 00:01:39

Health: -1/43      AC: 14    Str: 12    XL:     7   Next: 68%
Magic:  8/8        EV: 15    Int: 13    God:    Okawaru [......]
Gold:   294        SH:  0    Dex: 17    Spells: 7/8 levels left

rFire   . . .        d - +1 sling of the Furious {flame, Will+ rCorr Dex+3}
rCold   . . .        (no shield)
rNeg    + . .        i - +0 ring mail
rPois   inf          c - +1 helmet
rElec   +            (no cloak)
rCorr   +            (no gloves)
SInv    .            (no boots)
Will    +....        (no amulet)
Stlth   +            l - +5 ring of evasion
HPRegen 0.27/turn    (no ring)
MPRegen 0.11/turn

%: no passive effects
@: no status effects
A: sickness immunity, AC +4, negative energy resistance 1, electricity
resistance, torment resistance 1, petrification resistance, hooves 1, iridescent
scales 1
a: Renounce Religion


You were on level 4 of the Dungeon.
You worshipped Okawaru.
Okawaru was noncommittal.
You visited 2 branches of the dungeon, and saw 5 of its levels.
You also visited: Ossuary.

You collected 294 gold pieces.


Innate Abilities, Weirdness & Mutations

You are immune to sickness and miasma.
Your stone body is resilient. (AC +4)
You are immune to poison.
You resist negative energy. (rN+)
You are resistant to electric shocks. (rElec)
You are resistant to unholy torment.
You are immune to petrification.
You have large cloven feet.
You are partially covered in iridescent scales. (AC +2)


   Skills:
 - Level 4.0 Fighting
 + Level 7.4 Ranged Weapons
 - Level 1.0 Armour
 - Level 1.5 Dodging
 - Level 1.0 Spellcasting
 - Level 2.6 Hexes


You had 7 spell levels left.
You knew the following spells:

 Your Spells              Type           Power      Damage    Failure   Level
a - Slow                  Hex            28%        N/A       22%         1

Your spell library contained the following spells:

 Spells                   Type           Power      Damage    Failure   Level
 Inner Flame              Hex/Fire       4%         N/A       73%         3
 Portal Projectile        Hex/Tloc       8%         N/A       73%         3
 Cause Fear               Hex            3%         N/A       91%         4

Inventory:

Hand Weapons
 d - the +1 sling of the Furious (weapon) {flame, Will+ rCorr Dex+3}
   (You found it on level 3 of the Dungeon)

   Dex:       It affects your dexterity (+3).
   rCorr:     It protects you from acid and corrosion.
   Will:      It increases your willpower.
Armour
 c - a +1 helmet (worn)
 i - a +0 ring mail (worn)
Jewellery
 l - a +5 ring of evasion (left hand)
Scrolls
 e - 3 scrolls of identify
 h - a scroll of enchant weapon
Potions
 a - 2 potions of mutation
 b - 5 potions of curing
 g - a potion of resistance

Dungeon Overview and Level Annotations

Branches:
Dungeon (4/15)             Temple (1/1) D:4         Ossuary (visited)

Altars:
Ashenzari
Cheibriados
Dithmenos
Elyvilon
Fedhas
Hepliaklqana
Okawaru
Ru
Sif Muna
Trog
Vehumet
Wu Jian
Xom
Zin
The Shining One

Annotations:
D:2 1 runed translucent door, Crazy Yiuf
D:4 Ijyb


Message History

The sling bullet burns the gnoll.
The gnoll is almost dead.
The gnoll hits you but does no damage. The gnoll misses you.
You shoot a sling bullet.
The sling bullet hits the gnoll but does no damage.
The gnoll is almost dead.
The gnoll misses you.
The gnoll hits you from afar with a +0 halberd.
Ijyb the Twisted Goblin comes into view.
She is wielding a +0 dagger of venom and carrying a wand of mindburst (12).
You shoot a sling bullet.
The sling bullet hits the gnoll but does no damage.
The gnoll is almost dead.
The gnoll hits you from afar with a +0 spear.
The gnoll hits you from afar with a +0 halberd.
You shoot a sling bullet.
The sling bullet hits the gnoll but does no damage.
The gnoll is almost dead.
The gnoll completely misses you. The gnoll barely misses you.
The gnoll hits you but does no damage.
Ijyb hits you with a +0 dagger of venom.
The gnoll completely misses you.
You shoot a sling bullet. The sling bullet hits Ijyb.
The sling bullet burns Ijyb.
Ijyb is lightly wounded.
The gnoll completely misses you. The gnoll misses you. Ijyb closely misses you.
You shoot a sling bullet. The sling bullet closely misses Ijyb.
The gnoll closely misses you. The gnoll hits you but does no damage.
Ijyb misses you.
You shoot a sling bullet. The sling bullet hits Ijyb.
The sling bullet burns Ijyb.
Ijyb is moderately wounded.
The gnoll hits you but does no damage.
The gnoll hits you from afar with a +0 halberd.
Ijyb zaps a wand.
Your mind is blasted!
You shoot a sling bullet.
The sling bullet completely misses Ijyb.
The gnoll closely misses you. Ijyb misses you. The gnoll closely misses you.
You shoot a sling bullet. The sling bullet barely misses Ijyb.
The gnoll barely misses you.
Ijyb zaps a wand.
Your mind is blasted!
You die...

#...'...'.......%.).
#...#...#.......#.)#
#########.......#..# #
####......#+###+## #.
#..'......#....... #..
#..#......#....... #...
#..#......#......#
.#...g####...)..+..##..#
.'....g@.#..........####
.#...g#).#...#...##.....
#... #..'....#.#..#...#
#.. #>.#.#..#....#...#
#. #..#..##....#....+ #
#........>.......#
#.....#....##..###
#..+.#....#..#...# ..
#..#.#..#.#.......


You could see Ijyb and 2 gnolls.

Vanquished Creatures
  Sigmund (D:2)
  A scorpion (D:4)
  A bullfrog (D:3)
  2 orc priests (D:4)
  A jelly (D:4)
  Natasha (twice) (D:2)
  An orc wizard (D:4)
  A hound zombie (Ossuary)
  4 mummies (Ossuary)
  Robin (D:4)
  2 gnolls (D:4)
  6 adders
  2 ufetubi (D:4)
  2 adder zombies (Ossuary)
  A worm (D:2)
  2 dart slugs
  An orc (D:4)
  9 endoplasms
  4 giant cockroaches
  A gnoll zombie (Ossuary)
  7 goblins
  11 hobgoblins
  4 jackals (D:2)
  5 kobolds
  3 quokkas (D:1)
  7 ball pythons
  5 bats
  6 frilled lizards
  2 hobgoblin zombies (Ossuary)
  2 jackal zombies (Ossuary)
  A kobold zombie (Ossuary)
  An orc zombie (Ossuary)
  4 rats
  2 rat zombies (Ossuary)
105 creatures vanquished.

Notes
Turn   | Place    | Note
-------+----------+-------------------------------------------
     0 | D:1      | qw the Gargoyle Hexslinger began the quest for the Orb.
     0 | D:1      | Reached XP level 1. HP: 12/12 MP: 2/2
     0 | D:1      | 0 ||| qw: Version: 0.3-a-52-g30416fa
     0 | D:1      | 0 ||| qw: Game counter: 5942
     0 | D:1      | 0 ||| qw: Melee chars always use a shield: true
     0 | D:1      | 0 ||| qw: God list: Okawaru
     0 | D:1      | 0 ||| qw: Allow faded altars: false
     0 | D:1      | 0 ||| qw: Do Orc after clearing Dungeon:15 true
     0 | D:1      | 0 ||| qw: Do second Lair branch before Depths: true
     0 | D:1      | 0 ||| qw: Lair rune preference: random
     0 | D:1      | 0 ||| qw: Goals: Normal
     0 | D:1      | 0 ||| PLANNING D:1-11
   120 | D:1      | Reached XP level 2. HP: 16/16 MP: 3/3
   138 | D:1      | Reached skill level 3 in Ranged Weapons
   194 | D:1      | Reached XP level 3. HP: 21/21 MP: 4/4
   241 | D:1      | 241 ||| FLEEEEING.
   242 | D:1      | 242 ||| FLEEEEING.
   243 | D:1      | 243 ||| FLEEEEING.
   247 | D:1      | 247 ||| FLEEEEING.
   248 | D:1      | 248 ||| FLEEEEING.
   249 | D:1      | 249 ||| FLEEEEING.
   250 | D:1      | 250 ||| FLEEEEING.
   436 | D:1      | 436 ||| UPGRADING to +0 ring mail.
   446 | D:1      | 446 ||| DROPPING +0 robe.
   447 | D:1      | 447 ||| UPGRADING to +5 ring of evasion.
   448 | D:1      | 448 ||| READING scroll labelled UJUWIOGGUMP.
   449 | D:1      | 449 ||| READING 2 scrolls labelled RAOPSO NEIBUE.
   450 | D:1      | 450 ||| READING scroll labelled FERCHA NEOSTA.
   466 | D:1      | 466 ||| READING scroll labelled TATEHI HUMU.
   467 | D:1      | 467 ||| READING scroll labelled ZEDDOS PAANERA.
   471 | D:1      | 471 ||| DRINKING 2 fizzy black potions.
   576 | D:1      | 576 ||| DROPPING scroll of poison.
   577 | D:1      | 577 ||| DROPPING potion of berserk rage.
   592 | D:2      | 592 ||| STAIRDANCE
   638 | D:2      | Noticed Sigmund
   658 | D:2      | 658 ||| DRINKING potion of curing.
   658 | D:2      | 658 ||| (to cure confusion)
   661 | D:2      | Killed Sigmund
   662 | D:2      | Reached skill level 5 in Ranged Weapons
   662 | D:2      | Reached XP level 4. HP: 26/26 MP: 5/5
   662 | D:2      | Reached XP level 5. HP: 30/30 MP: 6/6
   790 | D:2      | Found a runed translucent door.
   791 | D:2      | Noticed Crazy Yiuf
   839 | D:2      | Reached skill level 1 in Armour
   900 | D:2      | Noticed Natasha
   909 | D:2      | Reached XP level 6. HP: 27/35 MP: 7/7
   916 | D:2      | 916 ||| Stepping ~*~*~tactically~*~*~ (outnumbered).
   917 | D:2      | 917 ||| Stepping ~*~*~tactically~*~*~ (outnumbered).
   928 | D:2      | Killed Natasha
  1011 | D:2      | Noticed Natasha
  1014 | D:2      | 1014 ||| Stepping ~*~*~tactically~*~*~ (outnumbered).
  1036 | D:2      | Killed Natasha
  1037 | D:2      | Reached skill level 3 in Fighting
  1259 | D:2      | 1259 ||| READING 2 scrolls of identify.
  1259 | D:2      | 1259 ||| IDENTIFYING lumpy silvery potion
  1260 | D:2      | 1260 ||| DROPPING potion of magic.
  1436 | D:3      | Reached skill level 6 in Ranged Weapons
  1501 | D:3      | Identified the +5 hand axe of Usaquosor {heavy, rC+ rN+
                  | Dex+3}
  1623 | D:3      | Identified the +1 sling of the Furious {flame, Will+ rCorr
                  | Dex+3}
  1625 | D:3      | 1625 ||| SWAPPING to +1 sling of the Furious {flame, Will+
                  | rCorr Dex+3}.
  1626 | D:3      | 1626 ||| DROPPING +2 sling.
  2012 | D:3      | 2012 ||| DROPPING scarf of invisibility.
  2013 | D:3      | 2013 ||| READING scroll labelled XISUBL INAIX.
  2014 | D:3      | 2014 ||| READING scroll labelled OTEUNL LIETINE.
  2015 | D:3      | 2015 ||| DRINKING 2 fizzy silvery potions.
  2016 | D:3      | 2016 ||| DRINKING 3 potions of curing.
  2016 | D:3      | 2016 ||| (to cure confusion)
  2017 | D:3      | 2017 ||| DROPPING potion of ambrosia.
  2041 | D:4      | 2041 ||| PLANNING OSSUARY
  2152 | D:4      | Reached XP level 7. HP: 43/43 MP: 8/8
  2175 | D:4      | 2175 ||| FLEEEEING.
  2176 | D:4      | 2176 ||| FLEEEEING.
  2177 | D:4      | 2177 ||| FLEEEEING.
  2178 | D:4      | 2178 ||| FLEEEEING.
  2189 | D:4      | 2189 ||| DRINKING 2 potions of curing.
  2189 | D:4      | 2189 ||| (to cure confusion)
  2298 | D:4      | Found a sand-covered staircase.
  2299 | D:4      | 2299 ||| READING scroll labelled ZUHE ASANTA.
  2305 | Ossuary  | Entered an ossuary
  2338 | Ossuary  | Reached skill level 7 in Ranged Weapons
  2532 | Ossuary  | 2532 ||| READING scroll labelled HIUHOE ZOIS.
  2533 | Ossuary  | 2533 ||| DRINKING 2 sedimented pink potions.
  2533 | Ossuary  | Gained mutation: You are partially covered in iridescent
                  | scales. (AC +2) [potion of mutation]
  2533 | Ossuary  | Gained mutation: You have large cloven feet. [potion of
                  | mutation]
  2534 | Ossuary  | 2534 ||| DRINKING 3 fuming blue potions.
  2535 | Ossuary  | 2535 ||| DROPPING 2 potions of brilliance.
  2548 | D:4      | 2548 ||| PLANNING D:1-11
  2555 | D:4      | Noticed Robin
  2556 | D:4      | 2556 ||| Stepping ~*~*~tactically~*~*~ (outnumbered).
  2587 | D:4      | Killed Robin
  2694 | D:4      | Found a staircase to the Ecumenical Temple.
  2695 | D:4      | 2695 ||| PLANNING TEMPLE
  2695 | D:4      | 2695 ||| UPGRADING to +0 helmet.
  2700 | D:4      | 2700 ||| READING scroll of enchant armour.
  2700 | D:4      | 2700 ||| ENCHANTING +0 helmet.
  2709 | Temple   | Entered the Ecumenical Temple
  2778 | Temple   | 2778 ||| PLANNING OKAWARU WORSHIP
  2893 | Temple   | Became a worshipper of Warmaster Okawaru
  2894 | Temple   | 2894 ||| PLANNING D:1-11
  3028 | D:4      | Noticed Ijyb
  3033 | D:4      | HP: 2/43 [disintegration (11)]
  3035 | D:4      | Blown up by Ijyb

Levels and vault maps discovered:
D:1:      giann_wishing_wells, layout_rooms
D:2:      layout_rooms, uniq_sigmund, uniq_crazy_yiuf_cottage, uniq_natasha
D:3:      layout_basic
D:4:      layout_gridville, minmay_temple_entry_mini_moons,
          nicolae_ossuary_entry_plus, minmay_increasing_density, uniq_eustachio,
          uniq_robin, uniq_ijyb
Temple:   bh_familiar_temple

Skill      XL: |  1  2  3  4  5  6  7 |
---------------+----------------------+-----
Ranged Weapons | 3 5 6 7 |  7.4
Fighting       | 2 4 |  4.0
Armour         | 1 |  1.0
Dodging        | |  1.5
Spellcasting   | |  1.0
Hexes          | |  2.6

Action                     |  1- 3 |  4- 6 |  7- 9 || total
---------------------------+-------+-------+-------++-------
   Fire: Sling             |   121 |   129 |   149 ||   399
    Use: Scroll            |     5 |     3 |     3 ||    11
         Potion            |     2 |     2 |     3 ||     7
 Armour: Robe              |     1 |       |       ||     1
         Ring mail         |     5 |    38 |   116 ||   159
  Dodge: Dodged            |    21 |    85 |   241 ||   347

Table legend:
 A = Non-vault XP
 B = Vault XP
 C = Vault XP percentage of total XP
 D = Non-vault monster count
 E = Vault monster count
 F = Vault count percentage of total count
                 A         B        C        D         E       F
            +---------+---------+-------+---------+---------+-------
      Total |     527 |     488 |  48.1 |      67 |      38 |  36.2
            +---------+---------+-------+---------+---------+-------
        D:1 |      52 |       0 |   0.0 |      30 |       0 |   0.0
        D:2 |      90 |     266 |  74.7 |      17 |       2 |  10.5
        D:3 |     104 |       0 |   0.0 |       5 |       0 |   0.0
        D:4 |     281 |     105 |  27.2 |      15 |      20 |  57.1
    Ossuary |       0 |     117 | 100.0 |       0 |      16 | 100.0
            +---------+---------+-------+---------+---------+-------
